 Dungeon Crawl Stone Soup version 0.30-a0-702-gdf48620a09 (webtiles) character file.

Game seed: 3072137615178712345

314373 Newt the Markskobold (level 22, -16/132 HPs)
             Began as a Kobold Hunter on Jan 21, 2023.
             Was a High Priest of Hepliaklqana.
             Demolished by an ettin
             ... wielding a +0 dire flail
              (37 damage)
             ... on level 4 of the Vaults.
             The game lasted 01:13:05 (42899 turns).

Newt the Markskobold (Kobold Hunter)               Turns: 42899, Time: 01:13:06

Health: -16/132    AC: 19    Str:  5    XL:     22   Next: 29%
Magic:  45/45      EV: 25    Int:  9    God:    Hepliaklqana [*****.]
Gold:   700        SH:  0    Dex: 29    Spells: 39/41 levels left

rFire   + + .      SeeInvis +    P - +9 arbalest of the Demonic God {flame, rF+}
rCold   + + .      Faith    .    (shield currently unavailable)
rNeg    + . .      Spirit   .    U - quicksilver dragon scales of Least Resistance {rElec rF+ Will+ Str-5}
rPois   +          Reflect  .    m - +1 helmet "Jalaumpi" {rElec Will+}
rElec   +          Harm     .    S - scarf {repulsion}
rCorr   +          Rampage  .    (no gloves)
Will    +++..                    u - +2 pair of boots of Esmeac {Fly rN+}
Stlth   +++++                    T - amulet of Bawoddy {Acrobat rPois Int-2 Dex+2 Slay+4}
HPRegen 0.42/turn                V - ring "Ufukleas" {rPois rC+ rCorr MP+9}
MPRegen 0.29/turn                i - ring of see invisible

@: flying, repel missiles
A: reduced essence, small, no large weapons, nightstalker 3, cold resistance 1,
poison resistance
}: 2/15 runes: barnacled, gossamer
a: Renounce Religion, Recall Ancestor, Ancestor Identity, Transference, Idealise


You were on level 4 of the Vaults.
You worshipped Hepliaklqana.
Hepliaklqana was extremely pleased with you.
You visited 7 branches of the dungeon, and saw 35 of its levels.
You visited 1 bazaar.
You also visited: Bailey and Gauntlet.

You collected 4194 gold pieces.
You spent 3494 gold pieces at shops.

Inventory:

Hand Weapons
 x - a +5 shortbow of freezing
 F - a +2 heavy sling
 I - a +7 arbalest
 P - the +9 arbalest of the Demonic God (weapon) {flame, rF+}
   (You acquired it in a Gauntlet)

   rF:        It protects you from fire.
 Q - a +0 shortbow
 W - a +3 heavy triple crossbow
Armour
 j - a scarf of resistance
 m - the +1 helmet "Jalaumpi" (worn) {rElec Will+}
   (You bought it in a shop on level 3 of the Dungeon)

   rElec:     It insulates you from electricity.
   Will:      It increases your willpower.
 u - the +2 pair of boots of Esmeac (worn) {Fly rN+}
   (You bought it in a shop in a bazaar)

   rN:        It protects you from negative energy.
   Fly:       It grants you flight.
 S - a scarf of repulsion (worn)
 U - the quicksilver dragon scales of Least Resistance (worn) {rElec rF+ Will+ Str-5}
   (You bought it in a shop on level 1 of the Vaults)

   Str:       It affects your strength (-5).
   rF:        It protects you from fire.
   rElec:     It insulates you from electricity.
   Will:      It increases your willpower.
Jewellery
 c - a +5 ring of evasion
 i - a ring of see invisible (right hand)
 T - the amulet of Bawoddy (around neck) {Acrobat rPois Int-2 Dex+2 Slay+4}
   (You found it in a Gauntlet)

   [amulet of the acrobat]

   It increases your evasion while moving and waiting.
   Int:       It affects your intelligence (-2).
   Dex:       It affects your dexterity (+2).
   Slay:      It affects your accuracy & damage with ranged weapons and melee
   (+4).
   rPois:     It protects you from poison.
 V - the ring "Ufukleas" (left hand) {rPois rC+ rCorr MP+9}
   (You found it in a Gauntlet)

   [ring of protection from cold]

   rC:        It protects you from cold.
   rPois:     It protects you from poison.
   MP:        It affects your magic capacity (+9).
   rCorr:     It protects you from acid and corrosion.
Wands
 o - a wand of mindburst (21)
 q - a wand of digging (12)
 y - a wand of charming (25)
 E - a wand of quicksilver (19)
 M - a wand of flame (45)
 N - a wand of roots (15)
 R - a wand of polymorph (8)
Scrolls
 b - 8 scrolls of immolation
 k - 4 scrolls of enchant armour
 l - 4 scrolls of fear
 n - 6 scrolls of poison
 p - 20 scrolls of teleportation
 t - 2 scrolls of enchant weapon
 w - 4 scrolls of magic mapping
 C - 3 scrolls of fog
 G - 5 scrolls of blinking
 H - a scroll of amnesia
 K - 4 scrolls of summoning
Potions
 d - 4 potions of brilliance
 e - 7 potions of haste
 f - 5 potions of invisibility
 g - 10 potions of flight
 h - 3 potions of resistance
 r - 3 potions of might
 s - 5 potions of berserk rage
 v - 8 potions of lignification
 z - 10 potions of curing
 A - 6 potions of ambrosia
 B - a potion of heal wounds
 D - 3 potions of magic
 J - 4 potions of cancellation
 L - 8 potions of mutation
Miscellaneous
 a - a tin of tremorstones (1/2)
 X - a box of beasts (inert)
 Y - a phial of floods
 Z - a piece from Xom's chessboard (15/15)


   Skills:
 - Level 18.0 Fighting
 - Level 20.0 Ranged Weapons
 - Level 12.0 Armour
 - Level 18.0 Dodging
 - Level 8.0 Stealth
 - Level 10.0 Spellcasting
 + Level 5.8 Hexes
 - Level 10.0 Translocations
 - Level 10.0 Transmutations
 - Level 11.0 Invocations
 - Level 15.0 Evocations


You had 39 spell levels left.
You knew the following spells:

 Your Spells              Type           Power      Damage    Failure   Level
a - Wereblood             Tmut           22%        N/A       1%          2

Your spell library contained the following spells:

 Spells                   Type           Power      Damage    Failure   Level
 Apportation              Tloc           44%        N/A       1%          1
 Lesser Beckoning         Tloc           44%        N/A       1%          2
 Gell's Gravitas          Tloc           22%        N/A       2%          3
 Teleport Other           Tloc           22%        N/A       2%          3
 Portal Projectile        Hex/Tloc       36%        N/A       5%          3
 Manifold Assault         Tloc           22%        N/A       8%          4
 Passwall                 Tmut/Erth      10%        N/A       9%          2
 Ensorcelled Hibernation  Hex/Ice        18%        N/A       22%         2
 Dazzling Flash           Conj/Hex       18%        N/A       41%         3
 Freeze                   Ice            16%        1d4       43%         1
 Magic Dart               Conj           16%        1d3       43%         1
 Necrotise                Necr           16%        1d4       43%         1
 Summon Small Mammal      Summ           16%        N/A       43%         1
 Ice Form                 Ice/Tmut       13%        N/A       52%         4
 Petrify                  Tmut/Erth      13%        N/A       52%         4
 Call Imp                 Summ           4%         N/A       56%         2
 Cigotuvi's Dreadful Rot  Necr/Pois/Air  8%         N/A       56%         2
 Poisonous Vapours        Pois/Air       8%         N/A       56%         2
 Dispersal                Tloc           11%        N/A       75%         6
 Call Canine Familiar     Summ           4%         N/A       80%         3
 Frozen Ramparts          Ice            8%         1d2       80%         3
 Mephitic Cloud           Conj/Pois/Air  4%         N/A       80%         3
 Ozocubu's Armour         Ice            4%         N/A       80%         3
 Stone Arrow              Conj/Erth      8%         3d7       80%         3
 Swiftness                Air            4%         N/A       80%         3
 Leda's Liquefaction      Hex/Erth       4%         N/A       82%         4
 Irradiate                Conj/Tmut      6%         3d13      86%         5
 Summon Forest            Summ/Tloc      6%         N/A       86%         5
 Animate Armour           Summ/Erth      8%         N/A       99%         4
 Summon Ice Beast         Ice/Summ       4%         N/A       99%         4
 Silence                  Hex/Air        4%         N/A       99%         5
 Agony                    Necr           4%         N/A       100%        5
 Fireball                 Conj/Fire      2%         3d4       100%        5
 Iskenderun's Battlesphe  Conj           4%         2d6       100%        5
 Conjure Ball Lightning   Conj/Air       2%         3x3d6     100%        6
 Eringya's Noxious Bog    Tmut/Pois      6%         N/A       100%        6
 Statue Form              Tmut/Erth      8%         N/A       100%        6
 Dragon Form              Tmut           11%        N/A       100%        7
 Orb of Destruction       Conj           2%         9d5       100%        7
 Ozocubu's Refrigeration  Ice            2%         4d7       100%        7
 Summon Hydra             Summ           2%         N/A       100%        7
 Borgnjor's Revivificati  Necr           2%         N/A       100%        8
 Disjunction              Tloc           11%        N/A       100%        8
 Lehudib's Crystal Spear  Conj/Erth      2%         10d2      100%        8
 Necromutation            Tmut/Necr      6%         N/A       100%        8
 Death's Door             Necr           2%         N/A       100%        9


Dungeon Overview and Level Annotations

Branches:
Dungeon (14/15)            Temple (1/1) D:7            Lair (5/5) D:11
 Shoals (4/4) Lair:3       Spider (4/4) Lair:3        Slime (0/5) Lair:4
    Orc (2/2) D:11            Elf (0/3) Orc:2        Vaults (5/5) D:13
  Crypt (0/3) Vaults:2     Bailey (visited)         Gauntlet (visited)

Altars:
Ashenzari
Cheibriados
Dithmenos
Elyvilon
Fedhas
Gozag
Hepliaklqana
Kikubaaqudgha
Makhleb
Nemelex Xobeh
Okawaru
Qazlal
Ru
Sif Muna
Trog
Uskayaw
Vehumet
Wu Jian
Xom
Yredelemnul
Zin
The Shining One
Jiyva

Shops:
D:3 =[   D:6 (   D:10 !   D:11 *   Orc:2 (*([   Shoals:2 [(!   Shoals:4 [?(
Vaults:1 !:*   Vaults:2 *   Vaults:3 ?

Annotations:
D:9 exclusion: oklob plant


Innate Abilities, Weirdness & Mutations

Your life essence is reduced to manifest your ancestor. (-10% HP)
You are small and have problems with some larger weapons.
You are completely attuned to the shadows.
Your flesh is cold resistant. (rC+)
Your system is resistant to poisons. (rPois)


Message History

You are too injured to fight recklessly!
You are too injured to fight recklessly!
You are too injured to fight recklessly!
You are too injured to fight recklessly!
Unknown command.
You shoot a bolt. The bolt hits the ettin!!
The bolt burns the ettin!
The ettin is heavily wounded.
The vault guard blocks Akiya's attack.
Akiya barely misses the vault guard.
The ettin hits you but does no damage. The ettin barely misses you.
The vault guard hits you with a +0 long sword!
The vault guard barely misses you.
You shoot a bolt.
The bolt hits the ettin but does no damage.
The ettin is heavily wounded.
Akiya hits the vault guard with a +0 broad axe of flaming!
Akiya burns the vault guard.
Akiya hits the vault guard with a +0 broad axe of flaming!
Akiya burns the vault guard.
The ettin hits you but does no damage. The ettin misses you.
The vault guard hits you with a +0 long sword.
You shoot a bolt. The bolt hits the ettin!!
The bolt burns the ettin!
The ettin is almost dead.
Akiya hits the vault guard with a +0 broad axe of flaming!!
Akiya burns the vault guard!
Akiya hits the vault guard with a +0 broad axe of flaming.
Akiya burns the vault guard.
The ettin completely misses you. The ettin misses you.
The vault guard completely misses you.
Akiya blocks the vault guard's attack.
You shoot a bolt.
The bolt hits the ettin but does no damage.
The ettin is severely wounded.
The vault guard blocks Akiya's attack.
Akiya barely misses the vault guard.
The ettin misses you.
The ettin hits you with a +0 dire flail!!
* * * LOW HITPOINT WARNING * * *
The vault guard hits Akiya with a +0 long sword.
The vault guard hits you with a +1 heavy great sword.
* * * LOW HITPOINT WARNING * * *
The ettin hits you with a +0 dire flail!!!
You die...

#...# #.......# #....#..#....
#...# #.......# ##..##..##..#
##'## #.......# ####....####
#...# #.......# ###......###
#...# ####'########...#..#...#
###'######.........'[![[.........
#.......#........[[[[[..........
#.......#.....pRp.###)..#).#...#
#.......#.....[@..# ###......###
#.......'...[..C[.# ####....####
#...?...#.......[.###..##..##..#
#.......########[###....#..#....
#.......##.......# #...........[
##'###'####.......# #...........[
...##...# #.......# ##..........#
...##...# #....[..# ############
...##...# #.......#


You could see the friendly Akiya the knight (reflecting), 2 vault guards and an
ettin.

Vanquished Creatures
  Mlioglotl (Spider:4)
  5 sphinxes
  A shadow dragon (Vaults:3)
  Roxanne (Spider:4)
  Ilsuiw (Shoals:4)
  A tengu reaver (Vaults:1)
  Agnes (Spider:4)
  An emperor scorpion (Spider:4)
  A frost giant (Vaults:2)
  9 vault wardens
  Louise (Spider:1)
  4 ghost moths
  2 broodmothers
  2 war gargoyles (Vaults:4)
  3 orc warlords
  2 ironbound thunderhulks (Vaults:1)
  2 very ugly things (Vaults:1)
  10 ironbound preservers
  12 dire elephants
  A minotaur (Gauntlet)
  7 merfolk impalers
  The ghost of arthad the Summoner, a journeyman FeSu of Gozag (Shoals:1)
  4 merfolk javelineers (Shoals:4)
  A blizzard demon (Gauntlet)
  Josephine (D:11)
  7 great orbs of eyes
  A hydra (Lair:5)
  4 entropy weavers
  6 yaktaur captains
  11 vault guards
  5 jorogumos (Spider:4)
  3 peacekeepers
  A radroach (Spider:4)
  9 ironbound frosthearts
  Erolcha (D:9)
  2 catoblepae (Lair:5)
  4 satyrs
  4 two-headed ogres
  9 death yaks
  4 merfolk aquamancers
  4 centaur warriors
  A boulder beetle (Vaults:4)
  A death scarab (Spider:4)
  An orc high priest (Orc:1)
  A fire crab (Gauntlet)
  6 pharaoh ants
  9 sea snakes
  A sixfirhy (Gauntlet)
  13 orb spiders
  A glowing orange brain (Vaults:2)
  9 lindwurms
  An obsidian statue (D:10)
  17 deep trolls
  4 steelbarb worms
  8 orc knights
  2 deep elf pyromancers
  2 necromancers
  11 wizards
  13 ironbound convokers
  15 harpies
  A phantasmal warrior (Vaults:3)
  13 wolf spiders
  5 cyclopes
  2 orc sorcerers
  16 ugly things
  11 manticores
  21 fauns
  8 merfolk sirens
  Maurice (D:10)
  An elephant (Lair:3)
  3 moths of wrath
  A stone giant skeleton (Vaults:1)
  4 water nymphs
  4 black mambas
  10 vault sentinels
  22 slime creatures
  A guardian serpent (shapeshifter) (D:13)
  5 demonic crawlers
  4 torpor snails
  An eye of devastation (shapeshifter) (D:13)
  10 cane toads
  A kobold demonologist (D:10)
  10 yaktaurs
  6 komodo dragons
  A minotaur zombie (Gauntlet)
  A rime drake (Lair:5)
  18 merfolk
  4 trolls
  4 wind drakes
  A polar bear (Lair:1)
  21 tarantellas
  6 hornets (Spider:3)
  11 blink frogs
  A blink frog (shapeshifter) (D:13)
  5 dream sheep
  7 snapping turtles
  3 water elementals
  4 spriggans (Bailey)
  4 wraiths (D:11)
  18 jumping spiders
  4 wyverns
  8 culicivoras
  A vampire (D:10)
  A spriggan (shapeshifter) (Vaults:4)
  2 basilisks
  39 yaks
  An elf simulacrum (Vaults:1)
  5 fire bats (Gauntlet)
  28 redbacks
  3 steam dragons
  11 vampire mosquitoes
  2 wargs
  2 acid dragons
  8 water moccasins
  A hell hound (Gauntlet)
  3 ice beasts
  23 orc warriors
  4 black bears
  11 wolves
  3 centaurs
  3 boggarts (Vaults:1)
  A human skeleton (Vaults:1)
  8 ogres
  A phantom (D:6)
  7 bullfrogs
  2 kobold brigands
  A wyvern zombie (D:8)
  A gnoll sergeant (D:7)
  3 necrophages
  A scorpion (Lair:2)
  17 killer bees
  4 howler monkeys
  2 electric eels
  A crimson imp (D:11)
  7 jellies (D:9)
  2 hounds
  A gnoll bouda (D:10)
  15 orc priests
  3 iguanas
  10 orc wizards
  12 hell rats
  A howler monkey zombie (D:8)
  5 adders
  11 gnolls
  12 river rats (Lair:2)
  A shadow imp (Gauntlet)
  4 white imps
  2 ufetubi (Gauntlet)
  8 worms
  A dart slug (D:1)
  67 orcs
  8 bats
  15 endoplasms
  4 giant cockroaches
  10 goblins
  6 hobgoblins
  3 jackals
  8 quokkas
  10 ball pythons
  4 frilled lizards
  16 kobolds
  19 rats
1013 creatures vanquished.

Vanquished Creatures (collateral kills)
  The ghost of Kydext the Warrior, a veteran HuDe of Ru (Vaults:4)
  Arachne (Spider:4)
  A sphinx (Vaults:2)
  Gastronok (Lair:3)
  A kraken (Shoals:4)
  A shadow dragon (Vaults:4)
  5 vault wardens
  Aizul (Spider:1)
  An emperor scorpion (Spider:4)
  A frost giant (Vaults:4)
  2 ghost moths
  6 ironbound preservers
  3 orc warlords
  A very ugly thing (Vaults:1)
  3 ironbound thunderhulks
  A war gargoyle (Vaults:3)
  A stone giant (Vaults:4)
  2 dire elephants
  2 merfolk impalers
  2 deep elf high priests
  2 entropy weavers
  3 great orbs of eyes
  A merfolk javelineer (Shoals:4)
  3 yaktaur captains
  13 vault guards
  2 hydras
  A merfolk avatar (Shoals:1)
  2 catoblepae (Lair:5)
  2 centaur warriors
  2 merfolk aquamancers (Shoals:4)
  A satyr (Shoals:2)
  3 boulder beetles
  3 jorogumos (Spider:4)
  2 two-headed ogres (D:11)
  2 death yaks (Lair:1)
  2 pharaoh ants
  2 orb spiders (Spider:4)
  2 sea snakes
  A glowing orange brain (Vaults:3)
  11 deep trolls
  7 ironbound convokers
  4 lindwurms
  6 wizards
  A steelbarb worm (Spider:1)
  9 orc knights
  8 harpies
  A deep elf zephyrmancer (D:12)
  2 cyclopes
  5 ugly things
  A human zombie (Vaults:3)
  6 fauns
  An orc sorcerer (Orc:2)
  4 wolf spiders
  A moth of wrath (Spider:4)
  A merfolk siren (Shoals:4)
  3 manticores
  A black mamba (Lair:3)
  An ice statue (D:10)
  5 vault sentinels
  A water nymph (Shoals:4)
  5 torpor snails
  A rime drake (Lair:3)
  7 yaktaurs
  A komodo dragon (Lair:5)
  A troll (D:12)
  6 merfolk
  A wind drake (Shoals:4)
  3 hornets (Spider:3)
  10 tarantellas
  A dream sheep (Shoals:2)
  A blink frog (Lair:5)
  2 snapping turtles (Shoals:3)
  7 slime creatures
  6 culicivoras
  8 jumping spiders
  A spriggan (Bailey)
  An elf zombie (Vaults:3)
  4 water elementals
  A wyvern (Lair:2)
  14 yaks
  A yak (shapeshifter) (Vaults:1)
  A basilisk (Lair:3)
  2 vampire mosquitoes (D:12)
  11 redbacks
  2 glowing shapeshifter zombies (Vaults:3)
  A glowing shapeshifter skeleton (Vaults:3)
  A water moccasin (Lair:5)
  A hell hound (Gauntlet)
  10 orc warriors
  A boggart (Vaults:1)
  4 ogres
  4 wolves
  5 bullfrogs
  A human simulacrum (Vaults:1)
  A killer bee (D:8)
  A howler monkey (D:13)
  An electric eel (Spider:1)
  2 jellies (D:9)
  5 orc priests
  5 orc wizards
  3 hell rats
  A gnoll (D:10)
  A river rat (Lair:2)
  3 white imps (Gauntlet)
  21 orcs
  6 endoplasms (D:9)
  A goblin (D:10)
  A hobgoblin (D:10)
  A bat (Lair:5)
  A kobold (D:8)
  A rat (Lair:2)
  A tentacle (Shoals:4)
347 creatures vanquished.

Vanquished Creatures (others)
  A yaktaur captain (Vaults:4)
  A harpy (Vaults:4)
  5 yaktaurs
  16 knights
  2 ancestors
  12 fungi
  32 plants
  2 tentacles (Shoals:4)
  A withered plant (Shoals:1)
72 creatures vanquished.

Grand Total: 1432 creatures vanquished

Notes
Turn   | Place    | Note
-------+----------+-------------------------------------------
     0 | D:1      | Newt the Kobold Hunter began the quest for the Orb.
     0 | D:1      | Reached XP level 1. HP: 12/12 MP: 1/1
   133 | D:1      | Found a faded altar of an unknown god.
   160 | D:1      | Reached XP level 2. HP: 18/18 MP: 2/2
   594 | D:2      | Reached XP level 3. HP: 23/23 MP: 3/3
   737 | D:2      | Reached XP level 4. HP: 30/30 MP: 4/4
  1841 | D:3      | Reached skill level 5 in Fighting
  1887 | D:3      | Found Qarr's Antique Armour Boutique.
  1893 | D:3      | Bought a jewelled helmet for 152 gold pieces
  1893 | D:3      | Identified the +1 helmet "Jalaumpi" {rElec Will+} (You
                  | bought it in a shop on level 3 of the Dungeon)
  2075 | D:3      | Reached skill level 6 in Ranged Weapons
  2075 | D:3      | Reached XP level 5. HP: 31/35 MP: 5/5
  2116 | D:3      | Found Zir Moda's Jewellery Emporium.
  3338 | D:5      | Entered Level 5 of the Dungeon
  3400 | D:5      | Reached skill level 7 in Ranged Weapons
  3400 | D:5      | Reached XP level 6. HP: 40/40 MP: 6/6
  3497 | D:5      | Reached skill level 8 in Ranged Weapons
  3884 | D:5      | Reached XP level 7. HP: 37/44 MP: 7/7
  4096 | D:6      | Found Bonuyda's Weapon Emporium.
  4151 | D:5      | Reached skill level 9 in Ranged Weapons
  4777 | D:6      | Reached skill level 5 in Dodging
  4897 | D:6      | Found a blossoming altar of Fedhas.
  4927 | D:6      | Reached XP level 8. HP: 40/49 MP: 8/8
  5540 | D:7      | Gained mutation: You expend magic power (3 MP) to
                  | strengthen your wands. [potion of mutation]
  5540 | D:7      | Gained mutation: You have a pair of small horns on your
                  | head. [potion of mutation]
  5541 | D:7      | Lost mutation: You have a pair of small horns on your head.
                  | [potion of mutation]
  5541 | D:7      | Lost mutation: You expend magic power (3 MP) to strengthen
                  | your wands. [potion of mutation]
  5541 | D:7      | Gained mutation: You are vulnerable to cold. (rC-) [potion
                  | of mutation]
  5541 | D:7      | Gained mutation: Your body sometimes deteriorates upon
                  | taking damage. [potion of mutation]
  5541 | D:7      | Gained mutation: Your spells are a little harder to cast,
                  | but a little more powerful. [potion of mutation]
  5761 | D:7      | Reached skill level 10 in Ranged Weapons
  5824 | D:7      | Found a staircase to the Ecumenical Temple.
  5849 | Temple   | Entered the Ecumenical Temple
  6002 | Temple   | Became a worshipper of Hepliaklqana the Forgotten
  6117 | D:7      | Reached skill level 11 in Ranged Weapons
  6202 | D:7      | Reached XP level 9. HP: 22/55 MP: 9/9
  6601 | D:7      | Reached skill level 12 in Ranged Weapons
  7656 | D:8      | Reached skill level 1 in Invocations
  7827 | D:8      | Reached * piety under Hepliaklqana
  8201 | D:8      | Reached skill level 5 in Invocations
  8335 | D:8      | Reached skill level 1 in Armour
  8335 | D:8      | Reached XP level 10. HP: 54/54 MP: 13/13
  8345 | D:8      | Found a basalt altar of Yredelemnul.
  9069 | D:9      | Noticed Erolcha
  9077 | D:9      | Killed Erolcha
  9078 | D:9      | Reached skill level 5 in Armour
  9087 | D:9      | Reached ** piety under Hepliaklqana
  9088 | D:9      | Remembered your ancestor Akiya as a knight
  9218 | D:9      | Noticed an oklob plant
  9605 | D:9      | Noticed a moth of wrath
  9608 | D:9      | Found a bloodstained altar of Trog.
  9721 | D:10     | Entered Level 10 of the Dungeon
  9784 | D:10     | Found a flagged portal.
  9822 | Bailey   | Entered a bailey
  9886 | Bailey   | Noticed a two-headed ogre
  9893 | Bailey   | Killed a two-headed ogre
  9894 | Bailey   | Reached XP level 11. HP: 63/63 MP: 14/14
  9918 | Bailey   | Reached skill level 13 in Ranged Weapons
 10013 | Bailey   | Reached skill level 14 in Ranged Weapons
 10141 | D:10     | Lost mutation: Your spells are a little harder to cast, but
                  | a little more powerful. [potion of mutation]
 10141 | D:10     | Lost mutation: You are vulnerable to cold. (rC-) [potion of
                  | mutation]
 10141 | D:10     | Gained mutation: Your system is resistant to poisons.
                  | (rPois) [potion of mutation]
 10141 | D:10     | Gained mutation: Your flesh is cold resistant. (rC+)
                  | [potion of mutation]
 10141 | D:10     | Lost mutation: Your body sometimes deteriorates upon taking
                  | damage. [potion of mutation]
 10187 | D:10     | Noticed Maurice
 10196 | D:10     | Killed Maurice
 10225 | D:10     | Reached skill level 15 in Ranged Weapons
 10229 | D:10     | Got Sif Muna's Papyrus of Vicissitude
 10334 | D:10     | Noticed an obsidian statue
 10348 | D:10     | Noticed a sun demon
 10353 | D:10     | Killed an obsidian statue
 10731 | D:10     | Reached skill level 16 in Ranged Weapons
 10906 | D:10     | Found Zaiwamam's Distillery.
 10911 | D:10     | Bought a potion of heal wounds for 80 gold pieces
 10911 | D:10     | Bought a potion of heal wounds for 80 gold pieces
 11080 | D:11     | Reached *** piety under Hepliaklqana
 11154 | D:11     | Noticed a two-headed ogre
 11161 | D:11     | Killed a two-headed ogre
 11172 | D:11     | Reached XP level 12. HP: 63/68 MP: 17/17
 11216 | D:11     | Found a staircase to the Orcish Mines.
 11374 | D:11     | Found a staircase to the Lair.
 11422 | D:11     | Noticed a two-headed ogre
 11430 | D:11     | Killed a two-headed ogre
 11479 | D:11     | Noticed Josephine
 11489 | D:11     | Reached skill level 5 in Evocations
 11495 | D:11     | Killed Josephine
 11543 | D:11     | Found Poiraf's Elemental Accessories.
 11555 | D:11     | Noticed a two-headed ogre
 11562 | D:11     | Killed a two-headed ogre
 12202 | Lair:1   | Entered Level 1 of the Lair of Beasts
 12368 | Lair:1   | Noticed a death yak
 12374 | Lair:1   | Noticed a death yak
 12376 | Lair:1   | Killed a death yak
 12427 | Lair:1   | Killed a death yak
 12675 | Lair:1   | Reached XP level 13. HP: 59/72 MP: 19/19
 13051 | Lair:1   | Reached **** piety under Hepliaklqana
 14648 | Lair:3   | Noticed an eight-headed hydra
 14653 | Lair:3   | Killed an eight-headed hydra
 14654 | Lair:3   | Reached skill level 10 in Fighting
 15207 | Lair:3   | Found a hole to the Spider Nest.
 15228 | Lair:3   | Noticed Gastronok
 15241 | Lair:3   | Killed Gastronok
 15425 | Lair:3   | Found a staircase to the Shoals.
 15759 | Lair:3   | Reached XP level 14. HP: 63/82 MP: 15/20
 16287 | Lair:4   | Reached skill level 10 in Invocations
 16675 | Lair:4   | Found a viscous altar of Jiyva.
 16699 | Lair:4   | Found a staircase to the Slime Pits.
 16804 | Lair:5   | Entered Level 5 of the Lair of Beasts
 16804 | Lair:5   | Reached ***** piety under Hepliaklqana
 16813 | Lair:5   | Found a gate leading to a gauntlet.
 16864 | Gauntlet | Entered a Gauntlet
 16864 | Gauntlet | Found a transporter.
 16879 | Gauntlet | Found a transporter.
 16891 | Gauntlet | Found a transporter.
 16904 | Gauntlet | Found a transporter.
 16917 | Gauntlet | Found a transporter.
 16934 | Gauntlet | Found a transporter.
 17008 | Gauntlet | Found a transporter.
 17010 | Gauntlet | Found a transporter.
 17018 | Gauntlet | Reached skill level 1 in Spellcasting
 17029 | Gauntlet | Found a transporter.
 17063 | Gauntlet | Found a transporter.
 17072 | Gauntlet | Identified a scroll of acquirement
 17072 | Gauntlet | Acquired the +9 arbalest of the Demonic God {flame, rF+}
 17086 | Gauntlet | Found a transporter.
 17093 | Gauntlet | Found a transporter.
 17093 | Gauntlet | Identified the amulet of Bawoddy {Acrobat rPois Int-2 Dex+2
                  | Slay+4}
 17114 | Gauntlet | Found a transporter.
 17130 | Gauntlet | Found a transporter.
 17152 | Gauntlet | Reached skill level 5 in Spellcasting
 17162 | Gauntlet | Identified the ring "Ufukleas" {rPois rC+ rCorr MP+9}
 17225 | Gauntlet | Noticed a minotaur
 17229 | Gauntlet | Killed a minotaur
 17543 | Lair:5   | Reached skill level 17 in Ranged Weapons
 17586 | Lair:5   | Reached XP level 15. HP: 88/88 MP: 24/24
 17693 | Lair:5   | Reached skill level 18 in Ranged Weapons
 18312 | Orc:1    | Entered Level 1 of the Orcish Mines
 18344 | Orc:1    | Reached skill level 10 in Dodging
 18561 | Orc:2    | Entered Level 2 of the Orcish Mines
 19098 | Orc:2    | Noticed an orc warlord
 19106 | Orc:2    | Killed an orc warlord
 19125 | Orc:2    | Found Zodidwit's Antique Armour Boutique.
 19126 | Orc:2    | Found Xengim's Antique Weapon Shop.
 19131 | Orc:2    | Bought an embroidered scarf for 160 gold pieces
 19289 | Orc:2    | Found a staircase to the Elven Halls.
 19417 | Orc:2    | Found Vakhosoz's Assorted Antiques.
 19422 | Orc:2    | Bought a scroll labelled ZIFEUJ ALA for 37 gold pieces
 19422 | Orc:2    | Bought a scroll of vulnerability for 148 gold pieces
 19491 | Orc:2    | Found Limoih's Weapon Boutique.
 19853 | Shoals:1 | Entered Level 1 of the Shoals
 20122 | D:3      | Bought a steaming scale mail for 144 gold pieces
 20122 | D:3      | Identified the +5 scale mail "Suahim" {+Blink Fly Dex-4}
                  | (You bought it in a shop on level 3 of the Dungeon)
 20694 | Shoals:1 | Reached skill level 5 in Stealth
 20967 | Shoals:1 | Found a runed translucent door.
 20968 | Shoals:1 | Noticed arthad's ghost (journeyman FeSu)
 21099 | Shoals:1 | Killed arthad's ghost
 21304 | Shoals:2 | Found Semul's Distillery.
 21318 | Shoals:2 | Found Buxzuvoo's Antique Weapon Emporium.
 21531 | Shoals:2 | Reached XP level 16. HP: 93/93 MP: 25/25
 21558 | Shoals:2 | Reached skill level 10 in Evocations
 22003 | Shoals:2 | Found Xyph's Armour Shop.
 22114 | Shoals:2 | Bought a potion of heal wounds for 80 gold pieces
 22114 | Shoals:2 | Bought a potion of resistance for 160 gold pieces
 22114 | Shoals:2 | Bought a potion of resistance for 160 gold pieces
 23038 | Shoals:4 | Entered Level 4 of the Shoals
 23876 | Shoals:4 | Noticed Ilsuiw
 24182 | Shoals:4 | Reached skill level 15 in Evocations
 24267 | Shoals:4 | Found Wyris's Magic Scroll Emporium.
 24315 | Shoals:4 | HP: 3/93 [merfolk javelineer/silver javelin (4)]
 25063 | Shoals:4 | Reached XP level 17. HP: 97/97 MP: 26/26
 25075 | Shoals:4 | Reached skill level 10 in Armour
 25206 | Shoals:4 | Noticed a kraken
 25214 | Shoals:4 | Killed a kraken
 25343 | Shoals:4 | Got a barnacled rune of Zot
 25408 | Shoals:4 | Killed Ilsuiw
 25490 | Shoals:4 | Found Eli Ihuss's Armour Shop.
 25535 | Shoals:4 | Bought a scroll of brand weapon for 152 gold pieces
 25544 | Shoals:4 | Identified the ring "Nuaf" {rPois rF+}
 25556 | Shoals:4 | Found Kurch's Antique Weapon Shop.
 26143 | Spider:1 | Entered Level 1 of the Spider Nest
 26184 | Spider:1 | Noticed Louise
 26188 | Spider:1 | Killed Louise
 26484 | Spider:1 | Noticed Aizul
 26488 | Spider:1 | Killed Aizul
 26522 | Spider:1 | Got the Almanac of Frigid Infection
 28067 | Spider:2 | Reached skill level 15 in Fighting
 28291 | Spider:2 | Reached XP level 18. HP: 107/107 MP: 27/27
 29347 | Spider:4 | Entered Level 4 of the Spider Nest
 29347 | Spider:4 | Noticed Mlioglotl
 29512 | Spider:4 | Killed Mlioglotl
 29749 | Spider:4 | Reached skill level 15 in Dodging
 30215 | Spider:4 | Noticed Arachne
 30221 | Spider:4 | Killed Arachne
 30738 | Spider:4 | Got a gossamer rune of Zot
 31053 | Spider:4 | Reached skill level 10 in Spellcasting
 31286 | Spider:4 | Reached XP level 19. HP: 111/111 MP: 33/33
 31380 | Spider:4 | Identified Roxanne's Grimoire of Configuration
 31380 | Spider:4 | Noticed Roxanne
 31383 | Spider:4 | Noticed Agnes
 31385 | Spider:4 | Killed Agnes
 31535 | Spider:4 | Killed Roxanne
 31542 | Spider:4 | Learned a level 2 spell: Wereblood
 32235 | D:12     | Reached skill level 19 in Ranged Weapons
 32964 | D:13     | Acquired a +3 triple crossbow of flaming
 33130 | D:13     | Found a gate to the Vaults.
 33756 | D:13     | Found a shimmering blue altar of Sif Muna.
 33797 | D:14     | Reached skill level 20 in Ranged Weapons
 33826 | Vaults:1 | Entered Level 1 of the Vaults
 33831 | Vaults:1 | Found a flickering gateway to a bazaar.
 33837 | Bazaar   | Entered a bazaar
 33843 | Bazaar   | Found Ibiepronig's Antique Weapon Shop.
 33857 | Bazaar   | Found Ganiubb's Book Emporium.
 33868 | Bazaar   | Found Aqill's Antique Armour Boutique.
 33873 | Bazaar   | Bought a pair of transparent boots for 256 gold pieces
 33873 | Bazaar   | Identified the +2 pair of boots of Esmeac {Fly rN+} (You
                  | bought it in a shop in a bazaar)
 33912 | Bazaar   | Found Surghaup's Magic Scroll Emporium.
 33942 | Bazaar   | Found Timaec's General Store.
 33978 | Vaults:1 | Identified the +10 halberd "Peatod" {holy, rC++ Dex+3}
 34010 | Vaults:1 | Found Xefeinov's Assorted Antiques.
 34585 | Vaults:1 | Found Kierghecy's Distillery.
 34645 | Vaults:1 | Found Jasov's Book Shoppe.
 34660 | Vaults:1 | Reached skill level 1 in Transmutations
 34808 | Vaults:1 | Bought jewelled quicksilver dragon scales for 1885 gold
                  | pieces
 34808 | Vaults:1 | Identified the quicksilver dragon scales of Least
                  | Resistance {rElec rF+ Will+ Str-5} (You bought it in a shop
                  | on level 1 of the Vaults)
 34836 | Vaults:1 | Reached XP level 20. HP: 116/116 MP: 34/34
 35428 | Vaults:1 | Reached skill level 5 in Transmutations
 35946 | Vaults:2 | Found a staircase to the Crypt.
 35946 | Vaults:2 | Found an ancient bone altar of Kikubaaqudgha.
 35946 | Vaults:2 | Found a basalt altar of Yredelemnul.
 36636 | Vaults:2 | Reached ****** piety under Hepliaklqana
 37067 | Vaults:2 | Found Erosew's General Store.
 37751 | Vaults:3 | Reached skill level 10 in Transmutations
 38092 | Vaults:3 | Found Oller's Magic Scroll Shop.
 38731 | Vaults:3 | Reached XP level 21. HP: 70/123 MP: 35/35
 39615 | Vaults:4 | Reached skill level 1 in Translocations
 40145 | Vaults:4 | Reached skill level 5 in Translocations
 41002 | Vaults:4 | Found a runed translucent door.
 41004 | Vaults:4 | Noticed Kydext's ghost (veteran HuDe)
 41414 | Vaults:4 | Reached XP level 22. HP: 132/132 MP: 36/36
 41522 | Vaults:4 | Killed Kydext's ghost
 41523 | Vaults:4 | Reached skill level 10 in Translocations
 41523 | Vaults:4 | Reached skill level 1 in Hexes
 41717 | Vaults:5 | Entered Level 5 of the Vaults
 42657 | Vaults:4 | Reached skill level 5 in Hexes
 42899 | Vaults:4 | Demolished by an ettin

Illustrated notes

Levels and vault maps discovered:
D:1:      dpeg_arrival_long_road, layout_rooms,
          shapermc_ecumenical_altar_totnotflames,
          wander_ebering_terrifying_dragon_lair
D:2:      layout_basic, hangedman_decor_diamond_cutter, corexii_leaking_fountain
D:3:      minmay_angry_zag, layout_basic, serial_shops, nicolae_shop_crystal,
          nicolae_shop_statue_plus, minmay_misc_feat_chi,
          kennysheep_small_spiral
D:4:      layout_basic, serial_forest, infiniplex_forest_join,
          infiniplex_forest_clump_small, infiniplex_forest_straight_4,
          infiniplex_forest_corner_1
D:5:      layout_basic
D:6:      layout_basic, nicolae_overflow_crystal_walls, serial_shops,
          nicolae_stop_n_shop_1, due_unseen_surprise
D:7:      layout_basic, minmay_temple_entry_antechambers, serial_park_tiny_pond
D:8:      layout_cave_pods, lemuel_zombie_altar_yredelemnul
D:9:      lemuel_slime, layout_rooms, tgw_trog, chequers_mini_garden,
          uniq_erolcha
D:10:     minmay_separated_statues, layout_irregular_city, enter_bailey_4,
          serial_shops, nicolae_diamond_shop, uniq_maurice
D:11:     layout_roguey, lair_entry_dummy, erik_orc_3, minmay_crystal_room,
          nicolae_elemental_shop, minmay_fire_ice_demons, uniq_josephine
D:12:     minmay_curly_fans, layout_loops_ring
D:13:     layout_irregular_city, david_vaults_2, nicolae_sif_muna_condensation
D:14:     layout_stronghold, nicolae_benzene_ring
Temple:   compressed_dpeg_triangle_lava_temple
Lair:1:   layout_small_grid, serial_bayou_shore_b, serial_bayou_shore_a,
          grunt_megastairs_5
Lair:2:   lemuel_ratsnest, layout_cave_pods, serial_bayou_pond_b, st_stairs_11
Lair:3:   nzn_winding_woodlands_cross [nzn_winding_woodlands_5x15_eye,
          nzn_winding_woodlands_5x15_parted, nzn_winding_woodlands_5x15_garden,
          nzn_winding_woodlands_5x15_lazy_stream,
          nzn_winding_woodlands_15x15_boxy_spiral], layout_hall_layers,
          minmay_shoals_entry_hut, nicolae_spider_entry_lesser_pyramids,
          uniq_gastronok
Lair:4:   layout_hall_layers, slime_entry_1, serial_bayou_shore_b,
          lemuel_fruit_tree, grunt_megastairs_4
Lair:5:   evilmike_catoblepas_cave, layout_long_grid, gauntlet_entry_generic,
          roderic_batcave
Shoals:1: nicolae_shoals_lighthouse, layout_shoals, gammafunk_ghost_grave
Shoals:2: layout_shoals, serial_shops, shop, nicolae_take_the_stairs,
          nicolae_shop_crystal, nicolae_shoals_lost_giant_hut
Shoals:3: layout_shoals
Shoals:4: shoals_end_hangedman, layout_shoals, shoal_ilsuiw, serial_shops,
          nicolae_shop_behind_doors,
          nicolae_shop_temple_entry_statues_fountains, nicolae_diamond_shop,
          nicolae_shoals_water_booths
Spider:1: layout_spider_delve, uniq_aizul, uniq_louise
Spider:2: layout_spider_delve
Spider:3: layout_spider_delve, lemuel_hornet_nest
Spider:4: johnstein_spider_rune_arachne_lair, uniq_arachne, uniq_mlioglotl,
          uniq_agnes, uniq_roxanne
Orc:1:    layout_caves
Orc:2:    grunt_orc_community_town_hall, layout_diamond_mine,
          grunt_orc_community_big_house_2, grunt_orc_community_big_house_2,
          grunt_orc_community_house_3, grunt_orc_community_house_2,
          grunt_orc_community_house_3, grunt_orc_community_house_2,
          grunt_orc_community_house_3, basic_altar, nicolae_orc_pool_cavern
Vaults:1: hangedman_vaults_locks, ontoclasm_vaults_ring_large, v_misc_25,
          ontoclasm_vaults_twist, vaults_room_hangedman_quadrants,
          nicolae_vaults_little_squares_3, v_misc_2,
          vaults_mumra_minichess_inversion, vaults_room_grunt_arrival_ludios,
          layout_vaults_big_room, serial_shops, bzr_in_the_mist,
          nicolae_shop_window_shopping, shop, shop
Vaults:2: v_misc_11, hangedman_vaults_impose, nicolae_vaults_branching_niches,
          hangedman_vaults_river_flow, nicolae_vaults_network_barrier,
          nicolae_vaults_yaktaur_gun_rack, vaults_room_hallway,
          nicolae_vaults_ninety_degrees, vaults_room_grid,
          nicolae_vaults_diagonal_hallway_9, ontoclasm_vaults_spin,
          minmay_crypt_entry_necro_gods, ontoclasm_vaults_ring_small,
          vaults_room_octagon, nicolae_vaults_ring_of_whatevers,
          layout_vaults_omnicross, serial_shops, shop
Vaults:3: nicolae_vaults_halls_meeting, hangedman_vaults_stream,
          vaults_mumra_minichess, vaults_standard_mumra_enter_the_diamond,
          v_misc_9, nicolae_vaults_little_squares_2,
          ontoclasm_vaults_decontamination, nicolae_vaults_little_squares_5,
          hangedman_vaults_pinch, nicolae_vaults_three_branches,
          ontoclasm_vaults_pinch, nicolae_vaults_gold_heap, layout_vaults_ring,
          serial_shops, shop
Vaults:4: ebering_ghost_inner_flame, hangedman_vaults_slither, st_eye,
          v_pattern_2, v_misc_8, hangedman_vaults_restitches,
          nicolae_vaults_rhombus_7, vaults_room_hallway, grunt_vaults_swirl,
          hangedman_vaults_snaps, v_rooms_3, vaults_room_pool,
          nicolae_vaults_little_squares_5, ontoclasm_vaults_idyll,
          layout_vaults_maze
Vaults:5: serial_shops

Skill      XL: |  1  2  3  4  5  6  7  8  9 10 11 12 13 14 15 16 17 18 19 20 21 22 |
---------------+-------------------------------------------------------------------+-----
Fighting       | 3 4 5 6 9 12 13 15 16 18 | 18.0
Ranged Weapons | 6 7 8 9 11 12 16 17 18 20 | 20.0
Dodging        | 5 8 9 12 15 18 | 18.0
Evocations     | 2 3 7 9 15 | 15.0
Invocations    | 5 7 9 11 | 11.0
Armour         | 1 5 7 9 12 | 12.0
Spellcasting   | 6 10 | 10.0
Stealth        | 8 |  8.0
Transmutations | 3 10 | 10.0
Translocations | 9 10 | 10.0
Hexes          | 5 |  5.8

Action                   |  1- 3 |  4- 6 |  7- 9 | 10-12 | 13-15 | 16-18 | 19-21 | 22-24 || total
-------------------------+-------+-------+-------+-------+-------+-------+-------+-------++-------
Melee: Arbalest          |       |       |       |       |       |     5 |       |       ||     5
 Fire: Shortbow          |    59 |   162 |   304 |   539 |   449 |       |       |       ||  1513
       Arbalest          |       |       |       |       |   369 |   743 |   761 |    68 ||  1941
 Cast: Wereblood         |       |       |       |       |       |       |    23 |       ||    23
Invok: Ancestor Life: Kn |       |       |       |     1 |       |       |       |       ||     1
       Idealise          |       |       |       |       |     2 |     7 |     7 |     2 ||    18
       Recall Ancestor   |       |       |       |       |     3 |     3 |       |     2 ||     8
       Transference      |       |       |       |       |     2 |       |     2 |     2 ||     6
Evoke: Wand              |       |       |     1 |       |       |     5 |       |       ||     6
       Box of beasts     |       |       |       |       |       |       |       |     1 ||     1
       Tin of tremorston |       |       |       |       |       |       |       |     1 ||     1
  Use: Scroll            |     3 |    11 |     6 |     9 |     8 |     2 |     9 |     4 ||    52
       Potion            |     2 |       |     5 |     2 |     4 |     6 |       |     5 ||    24
Armor: Leather armour    |     9 |    14 |    59 |     7 |       |       |       |       ||    89
       Troll leather arm |       |       |       |    30 |    92 |    78 |     8 |       ||   208
       Quicksilver drago |       |       |       |       |       |       |    34 |    21 ||    55
Dodge: Dodged            |    29 |    48 |   208 |   195 |   371 |   565 |   260 |   107 ||  1783
       Repelled          |       |       |       |       |       |       |     1 |     2 ||     3

Table legend: (Time is in decaauts)
 A = Elapsed time spent in this place.
 B = Non-inter-level travel time spent in this place.
 C = Inter-level travel time spent in this place.
 D = Time resting spent in this place.
 E = Time spent auto-exploring this place.
 F = Levels seen in this place.
 G = Mean time per level.
                   A        B        C        D        E       F      G
               +--------+--------+--------+--------+--------+-----+--------+
         Total |  43506 |  40623 |   2883 |   8823 |  24890 |  38 | 1144.9 |
       Dungeon |  14101 |  12811 |   1290 |   1573 |   9562 |  14 | 1007.2 |
        Temple |    168 |    148 |     20 |      0 |    130 |   1 |  168.0 |
          Lair |   5919 |   5392 |    527 |    420 |   4085 |   5 | 1183.8 |
        Shoals |   6245 |   5947 |    298 |   1975 |   3075 |   4 | 1561.2 |
   Spider Nest |   5759 |   5511 |    248 |   1950 |   2218 |   4 | 1439.8 |
  Orcish Mines |   1443 |   1354 |     89 |      0 |   1112 |   2 |  721.5 |
        Vaults |   9044 |   8636 |    408 |   2855 |   4331 |   5 | 1808.8 |
        Bazaar |    137 |    137 |      0 |      0 |    103 |   1 |  137.0 |
        Bailey |    324 |    324 |      0 |      9 |    141 |   1 |  324.0 |
      Gauntlet |    361 |    361 |      0 |     41 |    131 |   1 |  361.0 |
               +--------+--------+--------+--------+--------+-----+--------+

Top non-repeatable levels by time:
Vaults:4: 3354 daAuts
Shoals:3: 2732 daAuts
Spider:4: 2308 daAuts
Vaults:3: 2081 daAuts
     D:7: 1918 daAuts
Vaults:2: 1876 daAuts
Vaults:1: 1717 daAuts
  Lair:3: 1627 daAuts
Spider:1: 1570 daAuts
Shoals:4: 1488 daAuts
     D:8: 1436 daAuts
  Lair:1: 1417 daAuts
    D:11: 1342 daAuts
     D:5: 1317 daAuts
     D:3: 1195 daAuts
